 Dungeon Crawl Stone Soup version 0.16-a0-4020-g6ff35b5 (webtiles) character file.

105 Charly the Charmwright (level 4, -20/26 HPs)
             Began as a Gargoyle Skald on Feb 17, 2015.
             Killed from afar by Ijyb (31 damage)
             ... with a wand of fire
             ... on level 3 of the Dungeon.
             The game lasted 00:13:02 (1138 turns).

Charly the Charmwright (Gargoyle Skald)             Turns: 1138, Time: 00:13:03

Health: -20/26     AC:  9    Str: 15    XL:     4   Next: 81%
Magic:  5/9        EV: 11    Int: 14    God:
Gold:   134        SH:  0    Dex:  9    Spells: 4 memorised, 0 levels left

rFire  . . .     SeeInvis .     a - +0 mace
rCold  . . .     Clarity  .     b - +1 leather armour
rNeg   + . .     SustAb   .     (no shield)
rPois  ∞         Gourm    +     (no helmet)
rElec  +         Spirit   .     t - +0 cloak
rCorr  .         Warding  .     (no gloves)
rMut   .         Stasis   .     (no boots)
MR     .....                    p - amulet of the gourmand
Stlth  +.........               (no ring)
                                k - +1 ring of protection

@: not resistant to hostile enchantments, very unstealthy
A: negative energy resistance 1, electricity resistance, unbreathing,
petrification resistance, rot immunity, AC +3
a: no special abilities


You were on level 3 of the Dungeon.
You were not hungry.

You visited 1 branch of the dungeon, and saw 3 of its levels.

You collected 134 gold pieces.

Inventory:

Hand weapons
 a - a +0 mace (weapon)
Armour
 b - a +1 leather armour (worn)
 t - a +0 cloak (worn)
Jewellery
 g - an uncursed ring of ice
 k - a +1 ring of protection (left hand)
 p - an amulet of the gourmand (around neck)
Magical devices
 r - a wand of slowing (22)
Scrolls
 e - 2 scrolls of magic mapping
 h - a scroll of enchant armour
 j - a scroll of remove curse {unknown}
 l - a scroll of fog {unknown}
 o - a scroll of blinking {unknown}
 q - a scroll of immolation {unknown}
 s - a scroll of recharging {unknown}
Potions
 f - a potion of magic
 i - a potion of restore abilities
 n - a potion of lignification {unknown}
Books
 c - a book of Battle

   Spells                             Type                      Level
   a - Infusion                       Charms                       1
   b - Shroud of Golubria             Charms/Translocation         2
   c - Song of Slaying                Charms                       2
   d - Spectral Weapon                Hexes/Charms                 3
   e - Regeneration                   Charms/Necromancy            3
Comestibles
 d - 2 bread rations


   Skills:
 - Level 2.1 Fighting
 + Level 3.1 Maces & Flails
 - Level 1.1 Armour
 - Level 0.7 Dodging
 + Level 3.0 Spellcasting
 + Level 3.6 Charms


You couldn't memorise any spells.
You knew the following spells:

 Your Spells              Type           Power        Failure   Level  Hunger
g - Shroud of Golubria    Chrm/Tloc      #.........   21%         2    ##.....
i - Infusion              Chrm           ##....       10%         1    #......
r - Regeneration          Chrm/Necr      #.........   38%         3    ###....
w - Spectral Weapon       Hex/Chrm       #.......     38%         3    ###....


Dungeon Overview and Level Annotations

Branches:
Dungeon (3/15)

Altars:
Gozag
Nemelex Xobeh
Okawaru
Qazlal
Xom
Yredelemnul

Annotations:
D:3 Ijyb


Innate Abilities, Weirdness & Mutations

You are resistant to torment.
You are immune to poison.
Your stone body is very resilient (AC +3).
You resist negative energy.
You are resistant to electric shocks.
You can survive without breathing.
You are immune to petrification.
You are immune to rotting.


Message History

Casting: Regeneration
Confirm with . or Enter, or press ? or * to list all spells.
You draw out your weapon's spirit!
Ijyb hits you but does no damage.
There is an open door here.
You hit Ijyb but do no damage.
Your spectral weapon hits Ijyb but does no damage.
Ijyb zaps a wand.
The bolt of fire hits you!
It is a wand of fire.
You hit Ijyb but do no damage.
Your spectral weapon hits Ijyb.
Ijyb zaps a wand.
The bolt of fire hits you!
Ouch! That really hurt!
* * * LOW HITPOINT WARNING * * *
Drink which item? (? for menu, Esc to quit)
You feel better. Ijyb hits you with a club.
You closely miss Ijyb.
Ijyb is lightly wounded.
Your spectral weapon closely misses Ijyb.
Ijyb zaps a wand.
The bolt of fire hits you!
Ouch! That really hurt!
You die...

# #....... ##....
#....... #....
##....... ##...#
#........ #....
#........ #...#
#........ #..(#
#........
#..g########...(...
#@###...........>.
#.....####........
####### ###......
#####.. ###


You could see Ijyb and a friendly spectral mace.

Vanquished Creatures
  3 adders (D:2)
  2 worms (D:2)
  A giant gecko (D:2)
  An ooze (D:3)
  An orc (D:3)
  7 bats
  A giant cockroach (D:2)
  4 goblins
  8 hobgoblins
  3 jackals (D:3)
  11 kobolds
  A quokka (D:3)
  4 giant newts
  10 rats
  A spectral orc (D:3)
58 creatures vanquished.

Notes
Turn   | Place    | Note
--------------------------------------------------------------
     0 | D:1      | Charly, the Gargoyle Skald, began the quest for the Orb.
     0 | D:1      | Reached XP level 1. HP: 12/12 MP: 3/3
    78 | D:1      | Reached XP level 2. HP: 8/17 MP: 4/4
    88 | D:1      | Learned a level 2 spell: Shroud of Golubria
   316 | D:1      | Reached skill level 3 in Charms
   489 | D:2      | Found an iron altar of Okawaru.
   499 | D:2      | Reached XP level 3. HP: 11/21 MP: 0/6
   508 | D:2      | Learned a level 3 spell: Spectral Weapon
   567 | D:2      | Found a sparkling altar of Nemelex Xobeh.
   567 | D:2      | Found an opulent altar of Gozag.
   627 | D:2      | Found a shimmering altar of Xom.
   686 | D:2      | Reached XP level 4. HP: 24/26 MP: 5/8
   952 | D:3      | Found a basalt altar of Yredelemnul.
   972 | D:3      | Found a stormy altar of Qazlal.
  1100 | D:3      | Learned a level 3 spell: Regeneration
  1132 | D:3      | Noticed Ijyb
  1138 | D:3      | Killed from afar by Ijyb

Action                   |  1- 3 |  4- 6 || total
-------------------------+-------+-------++-------
Melee: Mace              |   119 |    76 ||   195
 Cast: Infusion          |     9 |     4 ||    13
       Shroud of Golubri |     1 |     2 ||     3
       Regeneration      |       |     1 ||     1
       Spectral Weapon   |       |     1 ||     1
  Use: Scroll            |     4 |     1 ||     5
       Potion            |       |     1 ||     1
 Stab: Sleeping          |       |     1 ||     1
  Eat: Beef jerky        |     1 |       ||     1
